Map: Orbital Depot

Players

Loken

  • Race: Zerg Zerg
  • League: Platinum
  • Spawn Location: 7:00

Myran

  • Race: Protoss Protoss
  • Spawn Location: 9:00

dallaskuken

  • Race: Protoss Protoss
  • League: Platinum
  • Spawn Location: 9:00

Drug

  • Race: Zerg Zerg
  • Spawn Location: 3:00

ЧУЖОЙ

  • Race: Protoss Protoss
  • Spawn Location: 1:00

Honor

  • Race: Protoss Protoss
  • Spawn Location: 3:00

VOD

Have the link to the VOD?

Description

Time

  • Played on: April 6, 2017, 6:57 p.m.
  • Length: 13:52
Show
View Real Time Build Order
Export as new Build Order

Loken Zerg 

Build Orders: Pool First 

Get SALT Encoding   

  12  0:01  Drone  
  13  0:11  Drone  
  14  0:21  Spawning Pool  
  14  0:24  Drone  
  14  0:31  Overlord  
  14  0:49  Extractor  
  13  0:50  Drone x3  
  16  1:09  Queen  
  18  1:12  Zergling x2  
  18  1:15  Zergling x2  
  20  1:22  Hatchery  
  20  1:25  Zergling x2  
  20  1:49  Zergling x4  
  22  2:02  Overlord  
  22  2:20  Queen  
  22  2:22  Zergling x8  
  28  2:23  Zergling x2  
  28  2:29  Hatchery  
  30  2:37  Drone  
  29  2:47  Metabolic Boost  
  29  2:49  Drone  
  29  2:50  Drone  
  30  2:59  Zergling x2  
  30  3:00  Zergling x2  
  32  3:20  Extractor  
  32  3:26  Overlord x2  
  32  3:27  Overlord  
  31  3:32  Hatchery  
  31  3:43  Hatchery  
  29  3:55  Zergling x4  
  30  3:56  Zergling x8  
  30  3:57  Zergling x4  
  37  4:11  Drone  
  37  4:12  Drone  
  37  4:41  Zergling x20  
  46  4:49  Drone  
  47  4:53  Drone  
  36  5:15  Drone  
  36  5:16  Drone x9  
  46  5:37  Lair  
  46  5:42  Queen  
  48  5:48  Spine Crawler  
  47  5:50  Spine Crawler  
  47  5:53  Spine Crawler, Drone x3  
  48  5:59  Drone x3  
  51  6:12  Drone  
  51  6:13  Drone x4  
  56  6:22  Spore Crawler  
  56  6:24  Spore Crawler  
  54  6:30  Spore Crawler  
  54  6:32  Spore Crawler  
  52  6:40  Spore Crawler  
  52  6:44  Spore Crawler  
  52  6:46  Spore Crawler  
  49  6:48  Spore Crawler  
  47  7:06  Zergling x2  
  47  7:07  Zergling x18  
  44  7:24  Zergling x2  
  44  7:25  Zergling x14  
  52  7:45  Zergling x2  
  52  7:46  Zergling x18  
  30  8:25  Drone x9  
  25  10:00  Hatchery  
  18  10:57  Hatchery  
  6  12:31  Hatchery  
Show
View Real Time Build Order
Export as new Build Order

Myran Protoss 

Build Orders:  

Get SALT Encoding   

  12  0:01  Probe (Chrono Boost)  
  13  0:14  Pylon  
  13  0:18  Probe (Chrono Boost)  
  14  0:29  Probe (Chrono Boost)  
  15  0:45  Gateway  
  15  0:51  Probe (Chrono Boost)  
  16  1:01  Probe (Chrono Boost)  
  17  1:12  Probe (Chrono Boost)  
  17  1:35  Probe (Chrono Boost)  
  17  1:36  Zealot  
  17  1:39  Cybernetics Core  
  20  1:42  Pylon  
  20  1:46  Probe (Chrono Boost)  
  21  1:52  Assimilator  
  21  1:57  Probe (Chrono Boost)  
  22  2:03  Zealot  
  22  2:07  Probe (Chrono Boost)  
  25  2:20  Probe (Chrono Boost)  
  26  2:24  Assimilator, Nexus  
  26  2:31  Probe (Chrono Boost)  
  26  2:35  Warp Gate  
  27  2:42  Zealot, Probe (Chrono Boost)  
  30  2:57  Probe (Chrono Boost)  
  31  3:07  Pylon  
  31  3:10  Pylon  
  31  3:14  Gateway  
  31  3:19  Pylon  
  31  3:25  Stalker, Probe (Chrono Boost)  
  34  3:45  Probe (Chrono Boost)  
  36  3:48  Probe (Chrono Boost)  
  36  3:54  Stalker  
  39  3:55  Probe (Chrono Boost)  
  39  3:57  Gateway  
  39  4:04  Robotics Facility  
  39  4:06  Probe x2 (Chrono Boost)  
  39  4:09  Zealot  
  43  4:16  Probe (Chrono Boost)  
  45  4:18  Probe (Chrono Boost)  
  45  4:24  Stalker  
  45  4:27  Probe (Chrono Boost)  
  48  4:37  Zealot  
  50  4:45  Nexus  
  50  4:48  Probe (Chrono Boost)  
  51  4:53  Observer  
  52  5:00  Stalker  
  54  5:09  Pylon, Probe (Chrono Boost)  
  54  5:12  Pylon  
  54  5:13  Stalker  
  57  5:15  Immortal  
  57  5:20  Gateway  
  61  5:22  Probe (Chrono Boost)  
  61  5:24  Probe (Chrono Boost)  
  63  5:32  Pylon  
  63  5:35  Stalker, Probe (Chrono Boost)  
  66  5:39  Stalker  
  68  5:45  Probe (Chrono Boost)  
  68  5:49  Stalker  
  71  5:56  Probe (Chrono Boost)  
  72  6:01  Probe (Chrono Boost)  
  73  6:09  Assimilator  
  73  6:11  Stalker x2, Probe (Chrono Boost)  
  78  6:12  Stalker  
  78  6:14  Assimilator  
  78  6:17  Immortal  
  84  6:22  Probe (Chrono Boost)  
  85  6:42  Twilight Council  
  85  6:44  Stalker x3  
  91  6:59  Probe (Chrono Boost)  
  92  7:08  Stalker x3  
  96  7:10  Probe (Chrono Boost)  
  99  7:20  Probe (Chrono Boost)  
  100  7:31  Probe (Chrono Boost)  
  100  7:34  Gateway  
  100  7:36  Blink  
  101  7:39  Probe (Chrono Boost)  
  101  7:44  Assimilator  
  102  7:46  Assimilator  
  102  7:48  Pylon  
  102  7:50  Pylon, Probe (Chrono Boost)  
  103  8:12  Stalker x4  
  111  8:32  Immortal  
  90  9:11  Immortal  
  90  9:13  Stalker x2  
  90  9:14  Stalker x2  
  72  9:41  Probe (Chrono Boost)  
  67  9:47  Stalker x2  
  67  9:48  Stalker x2  
  67  9:50  Observer  
  67  9:52  Probe (Chrono Boost)  
  77  9:58  Stargate  
  77  10:00  Stargate  
  77  10:11  Immortal  
  77  10:13  Forge  
  81  10:19  Stalker x2  
  81  10:20  Stalker x3  
  91  10:24  Probe (Chrono Boost)  
  91  10:27  Probe (Chrono Boost)  
  93  10:34  Probe (Chrono Boost)  
  94  10:38  Probe (Chrono Boost)  
  95  10:45  Phoenix x2  
  98  10:51  Immortal  
  98  10:54  Stalker x3  
  98  10:55  Stalker x2  
  107  11:10  Phoenix x2  
  109  11:14  Probe (Chrono Boost)  
  110  11:23  Probe (Chrono Boost)  
  110  11:24  Probe (Chrono Boost)  
  111  11:29  Photon Cannon  
  111  11:32  Stalker x4  
  117  11:33  Stalker, Probe (Chrono Boost)  
  117  11:35  Phoenix, Probe (Chrono Boost)  
  125  11:42  Pylon  
  125  11:44  Pylon  
  125  11:48  Pylon  
  125  11:51  Pylon  
  125  11:54  Pylon  
  125  11:56  Pylon  
  125  11:58  Pylon  
  125  12:00  Phoenix, Probe x2 (Chrono Boost), Immortal  
  125  12:01  Pylon  
  133  12:02  Phoenix, Pylon  
  133  12:04  Pylon  
  125  12:25  Phoenix  
  127  12:39  Stalker x3, Immortal  
  127  12:40  Stalker  
  127  12:41  Stalker  
  140  12:48  Phoenix  
  140  12:49  Phoenix  
  139  13:09  Stalker x2  
  139  13:10  Stalker  
  139  13:11  Stalker x2  
  149  13:13  Phoenix  
  149  13:14  Phoenix  
Show
View Real Time Build Order
Export as new Build Order

dallaskuken Protoss 

Build Orders:  

Get SALT Encoding   

  12  0:01  Probe (Chrono Boost)  
  13  0:11  Probe (Chrono Boost)  
  14  0:18  Pylon  
  14  0:23  Probe (Chrono Boost)  
  15  0:36  Probe (Chrono Boost)  
  15  0:40  Gateway  
  16  0:47  Probe (Chrono Boost)  
  17  0:57  Probe (Chrono Boost)  
  17  0:59  Assimilator  
  18  1:12  Probe (Chrono Boost)  
  19  1:22  Probe (Chrono Boost)  
  20  1:37  Probe (Chrono Boost)  
  21  1:41  Zealot  
  23  1:50  Assimilator  
  23  1:54  Pylon  
  23  1:58  Cybernetics Core  
  23  2:12  Probe (Chrono Boost)  
  24  2:31  Probe (Chrono Boost)  
  24  2:36  Nexus  
  25  2:44  Probe (Chrono Boost)  
  26  2:48  Warp Gate  
  26  2:52  Pylon  
  26  2:54  Probe (Chrono Boost)  
  27  3:06  Stalker  
  29  3:13  Probe (Chrono Boost)  
  30  3:24  Probe (Chrono Boost)  
  31  3:27  Pylon  
  31  3:30  Pylon  
  31  3:34  Probe (Chrono Boost)  
  32  3:45  Probe (Chrono Boost)  
  33  3:50  Probe (Chrono Boost)  
  35  3:55  Probe (Chrono Boost)  
  35  3:59  Stargate  
  35  4:00  Probe (Chrono Boost)  
  36  4:06  Probe (Chrono Boost)  
  36  4:08  Stargate  
  37  4:11  Probe (Chrono Boost)  
  38  4:19  Forge  
  38  4:21  Probe (Chrono Boost)  
  38  4:23  Pylon  
  39  4:32  Probe (Chrono Boost)  
  40  4:41  Gateway  
  40  4:42  Probe (Chrono Boost)  
  40  4:43  Void Ray  
  40  4:44  Gateway  
  45  4:51  Assimilator  
  45  4:53  Probe (Chrono Boost)  
  45  4:54  Assimilator  
  46  5:03  Probe (Chrono Boost)  
  46  5:05  Void Ray  
  52  5:14  Probe (Chrono Boost)  
  52  5:27  Fleet Beacon  
  52  5:43  Photon Cannon  
  52  5:46  Photon Cannon  
  52  5:47  Void Ray  
  52  5:48  Void Ray  
  52  5:49  Photon Cannon  
  60  5:51  Photon Cannon  
  60  5:52  Photon Cannon  
  60  6:02  Stalker x2  
  56  6:59  Stalker x2  
  56  7:00  Stalker  
  62  7:17  Carrier  
  68  7:42  Carrier  
  74  8:18  Nexus  
  74  9:01  Pylon  
  74  9:03  Pylon  
  74  9:05  Pylon  
  74  9:20  Carrier  
  74  9:21  Carrier  
  72  10:14  Stargate  
  72  10:46  Carrier  
  83  11:18  Nexus  
  83  11:27  Pylon  
  83  11:29  Pylon  
  83  11:30  Pylon  
  78  12:59  Pylon  
  78  13:01  Pylon  
  78  13:03  Pylon  
  78  13:05  Pylon  
  78  13:08  Pylon  
Show
View Real Time Build Order
Export as new Build Order

Drug Zerg 

Build Orders: Pool Only, Swarm Host 

Get SALT Encoding   

  12  0:01  Drone  
  13  0:14  Extractor  
  13  0:16  Drone  
  13  0:17  Drone  
  14  0:22  Extractor  
  14  0:23  Drone  
  15  0:29  Overlord  
  15  0:51  Spawning Pool  
  14  0:57  Drone x2  
  16  1:14  Drone x2  
  16  1:17  Extractor  
  17  1:32  Drone x2  
  19  1:38  Lair  
  19  1:46  Spine Crawler  
  18  1:56  Zergling x4  
  20  2:05  Zergling x2  
  21  2:16  Drone  
  22  2:42  Infestation Pit  
  21  2:46  Zergling x2  
  22  3:01  Overlord  
  27  4:00  Spine Crawler, Drone  
  27  4:02  Queen  
  29  4:26  Overlord x2  
  29  4:39  Burrow  
  29  4:56  Swarm Host, Evolution Chamber  
  37  5:17  Swarm Host  
  46  5:23  Zerg Missile Weapons Level 1  
  46  5:32  Overlord x2  
  46  5:52  Swarm Host x2  
  58  6:09  Spore Crawler  
  58  6:10  Spore Crawler  
  56  6:38  Spore Crawler  
  55  6:45  Spore Crawler  
  51  7:29  Overlord x3  
  51  7:47  Queen  
  50  8:19  Zergling x12  
  57  8:20  Zergling x2  
  57  8:31  Drone  
  57  8:34  Drone  
  59  9:11  Drone  
  59  9:12  Drone x4  
  64  9:20  Metabolic Boost  
  61  9:50  Zerg Missile Weapons Level 2  
  55  10:48  Swarm Host  
  67  10:52  Overlord x2  
  67  10:53  Overlord x3  
Show
View Real Time Build Order
Export as new Build Order

ЧУЖОЙ Protoss 

Build Orders:  

Get SALT Encoding   

  12  0:01  Probe (Chrono Boost)  
  13  0:11  Assimilator  
  13  0:13  Probe (Chrono Boost)  
  14  0:20  Assimilator  
  14  0:23  Probe (Chrono Boost)  
  15  0:31  Pylon  
  15  0:49  Probe (Chrono Boost)  
  16  0:52  Forge  
  16  1:00  Probe (Chrono Boost)  
  17  1:10  Probe (Chrono Boost)  
  18  1:16  Pylon  
  18  1:21  Probe (Chrono Boost)  
  18  1:25  Pylon  
  19  1:31  Pylon  
  18  1:52  Gateway  
  18  2:02  Probe (Chrono Boost)  
  19  2:13  Probe (Chrono Boost)  
  20  2:22  Pylon  
  20  2:23  Probe (Chrono Boost)  
  21  2:45  Photon Cannon  
  21  2:51  Photon Cannon  
  21  2:56  Probe (Chrono Boost), Nexus  
  22  3:06  Cybernetics Core  
  22  3:16  Pylon  
  22  3:17  Pylon  
  22  3:37  Probe (Chrono Boost)  
  23  3:43  Photon Cannon  
  23  3:45  Photon Cannon  
  23  3:47  Photon Cannon  
  23  3:49  Pylon  
  23  3:56  Stargate  
  23  3:57  Mothership Core (Chrono Boost), Stargate  
  25  4:07  Assimilator  
  25  4:10  Probe (Chrono Boost)  
  25  4:13  Assimilator  
  25  4:15  Probe (Chrono Boost)  
  26  4:21  Probe (Chrono Boost)  
  27  4:26  Probe (Chrono Boost)  
  28  4:49  Cybernetics Core, Probe x2 (Chrono Boost)  
  30  4:57  Fleet Beacon  
  30  4:59  Probe (Chrono Boost)  
  31  5:24  Photon Cannon x2  
  31  5:26  Cybernetics Core  
  37  5:48  Probe x2 (Chrono Boost)  
  39  5:58  Carrier, Probe (Chrono Boost)  
  46  6:13  Carrier  
  52  6:42  Stargate, Probe x2 (Chrono Boost)  
  52  6:46  Graviton Catapult  
  54  6:48  Protoss Air Weapons Level 1  
  54  6:54  Protoss Shields Level 1, Probe (Chrono Boost)  
  55  7:26  Protoss Air Armor Level 1  
  55  7:41  Nexus  
  61  8:16  Probe (Chrono Boost)  
  62  8:31  Pylon  
  62  8:32  Pylon  
  62  8:34  Pylon  
  62  8:45  Probe (Chrono Boost)  
  43  9:30  Stargate  
  43  9:31  Stargate  
  43  9:33  Stargate  
  43  9:35  Stargate  
  43  9:37  Stargate  
  43  9:40  Stargate x2  
  43  9:42  Probe x3 (Chrono Boost)  
  46  9:57  Probe x2 (Chrono Boost)  
  46  9:59  Pylon  
  49  10:00  Mothership Core (Chrono Boost)  
  50  10:07  Assimilator  
  50  10:11  Assimilator  
  50  10:15  Carrier  
  50  10:17  Carrier  
  50  10:19  Carrier  
  68  10:24  Carrier  
  68  10:26  Carrier  
  86  10:51  Carrier  
  86  10:52  Protoss Air Weapons Level 2  
  92  10:58  Carrier  
  98  11:08  Twilight Council  
  98  11:23  Photon Cannon  
  98  11:24  Photon Cannon  
  98  11:26  Photon Cannon  
  98  11:27  Pylon  
  98  11:33  Probe (Chrono Boost)  
  98  11:34  Probe (Chrono Boost)  
  98  11:35  Probe (Chrono Boost)  
  101  11:45  Probe x2 (Chrono Boost)  
  104  11:47  Probe (Chrono Boost)  
  104  11:56  Probe (Chrono Boost)  
  105  12:31  Pylon  
  105  12:33  Pylon  
  117  12:55  Pylon  
  129  13:20  Nexus  
  129  13:25  Robotics Facility  
  129  13:28  Pylon  
  129  13:30  Pylon  
Show
View Real Time Build Order
Export as new Build Order

Honor Protoss 

Build Orders: Phoenix Opening 

Get SALT Encoding   

  12  0:03  Probe (Chrono Boost)  
  13  0:13  Probe (Chrono Boost)  
  14  0:19  Pylon  
  14  0:24  Probe (Chrono Boost)  
  15  0:33  Assimilator  
  15  0:37  Probe (Chrono Boost)  
  16  0:47  Forge  
  16  0:50  Probe (Chrono Boost)  
  17  1:01  Probe (Chrono Boost)  
  18  1:10  Gateway  
  18  1:13  Probe (Chrono Boost)  
  19  1:28  Pylon  
  19  1:29  Probe (Chrono Boost)  
  21  1:40  Probe (Chrono Boost)  
  21  1:43  Photon Cannon  
  21  1:53  Photon Cannon  
  21  2:05  Gateway  
  21  2:07  Probe (Chrono Boost)  
  22  2:18  Assimilator, Probe (Chrono Boost)  
  23  2:26  Cybernetics Core  
  23  2:32  Pylon  
  23  2:35  Probe (Chrono Boost)  
  24  2:45  Probe (Chrono Boost)  
  25  2:56  Probe (Chrono Boost)  
  26  3:05  Photon Cannon  
  26  3:09  Stargate  
  26  3:14  Stargate  
  26  3:35  Pylon  
  26  3:53  Phoenix  
  28  3:58  Phoenix  
  30  4:08  Photon Cannon  
  30  4:18  Phoenix  
  32  4:28  Phoenix  
  34  4:39  Photon Cannon  
  34  4:46  Void Ray  
  38  5:00  Pylon  
  38  5:12  Void Ray  
  38  5:13  Pylon  
  42  5:41  Nexus  
  42  5:43  Pylon, Void Ray  
  46  5:50  Pylon  
  46  6:02  Photon Cannon  
  46  6:05  Photon Cannon  
  46  6:08  Phoenix  
  46  6:40  Void Ray  
  50  6:50  Photon Cannon  
  50  6:52  Photon Cannon  
  50  6:58  Assimilator  
  50  7:02  Probe (Chrono Boost)  
  50  7:03  Assimilator  
  51  7:12  Probe (Chrono Boost)  
  52  7:17  Stargate  
  52  7:23  Probe (Chrono Boost)  
  53  7:33  Probe (Chrono Boost)  
  53  7:34  Void Ray  
  58  7:45  Probe (Chrono Boost)  
  59  7:55  Probe (Chrono Boost)  
  60  8:10  Void Ray  
  64  8:16  Protoss Air Weapons Level 1  
  64  8:26  Void Ray  
  68  8:27  Void Ray  
  68  9:43  Void Ray x3  
  80  9:56  Protoss Air Armor Level 1  
  80  10:08  Protoss Shields Level 1  
  80  10:14  Pylon  
  80  10:20  Pylon  
  80  10:22  Pylon  
  80  10:24  Pylon  
  80  10:26  Void Ray  
  80  10:27  Pylon  
  84  10:31  Void Ray x2  
  84  10:32  Pylon  
  90  11:21  Void Ray x3  
  100  11:32  Stargate  
  100  12:01  Photon Cannon  
  100  12:03  Photon Cannon  
  100  12:07  Photon Cannon  
  100  12:10  Pylon  
  96  12:25  Void Ray  
  100  13:02  Void Ray x2  
  100  13:03  Void Ray  
Tags
 
Add a new tag
Caveats
  • Supply blocks, unpowered buildings, or Contaminate may cause inaccurate times.
  • Supply counts are checked every 10 seconds.